← All builds
Tech / Armada / Economy first / OBSERVED BUILD

Standard tech

Armada Tech (Eco) build order · Supreme Isthmus

Rushes T2 by 4:15, gets Advanced Metal Extractor around 5:28, hands off T2 constructors to Geo and the team, then scales eco and supplies the team's T2 needs through the rest of the game.

Usually first T2 con to Geo (83%)

#eco #t2 #team support · 1574 distinct matches · 255 players · 58% of Armada Tech games · team won 53% of 1868 · Recently observed

HOW TO PLAY IT

Key timing: T2 factory by 4:15

  1. Open 3 mex and heavy wind to fund a fast T2 rush.
  2. Put down Bot Lab, planning to eat it for reclaim soon after.
  3. Get Advanced Bot Lab up, hitting the T2 factory rush timing.
  4. Upgrade mex to Advanced Metal Extractor to lock in team metal income.
  5. Eat Advanced Bot Lab and keep sending cons to Geo and Pond.

Phase by phase

TYPICAL OF ITS 1574 GAMES
  1. 1
  2. 2
  3. 3
  4. 4
PLAY THE OPENING

Follow the example game's first 6:00 step by step: what to build now, what comes next, and where it goes. At 1× it keeps pace with your own game.

  1. 1

    Up to the Bot Lab

    Economy
    • Metal Extractor3Mex
    • Wind Turbine4Wind
    Order
    1. Bot LabBot Lab after 3 mex, 4 winddone ~1:18, middle half 1:13–1:32

    Some games also: energy storage (31%)

    By 1:01 in all: 3 mex · 4 wind

    The example game in this phase · 5 steps
    1. Mex ×3
    2. Wind ×4
    3. Energy storage
    4. Wind ×2
    5. Bot LabBot Labdone 1:43 · typical 1:18
  2. 2

    Bot Lab to Advanced Bot Lab

    Economy
    • Metal Extractor1Mex
    • Wind Turbine8Wind
    • Energy Storage1Energy storage
    Order
    1. Advanced Bot LabAdvanced Bot Lab after 4 mex, 12 wind, 3 con turretdone ~4:16, middle half 4:04–4:30
    Builders
    • Construction Turret3 Con turret
    • Lazarus3 Lazarus
    • Construction Bot2 Con bot
    • Construction Bot1 Con bot for allies

    Some games also: converter (36%)

    By 3:18 in all: 4 mex · 12 wind · 1 energy storage · 3 con turret

    The example game in this phase · 13 steps
    1. Wind
    2. Construction BotCon bot
    3. Wind ×2
    4. LazarusLazarus ×2
    5. Construction BotCon botfor Air
    6. Mex
    7. LazarusLazarus
    8. Construction BotCon bot
    9. Con turret
    10. Wind
    11. Con turret
    12. Wind
    13. Advanced Bot LabAdvanced Bot Labdone 4:08 · typical 4:16
  3. 3

    Advanced Bot Lab to 5:00

    Economy
    • Wind Turbine3Wind
    Order
    1. Bot LabEat Bot Lab
    Builders
    • Advanced Construction Bot1 T2 con bot for allies

    Some games also: converter (35%)

    By 5:00 in all: 4 mex · 15 wind · 1 converter · 1 energy storage · 3 con turret

    The example game in this phase · 11 steps
    1. Bot LabEat Bot Labreclaimed for its metal
    2. Wind ×2
    3. Advanced Construction BotT2 con botfor Geo
    4. Wind
    5. Advanced Construction BotT2 con botfor Air
    6. Wind
    7. Converter
    8. Advanced Metal ExtractorT2 mexdone 5:30 · typical 5:29
    9. Converter
    10. Advanced Metal ExtractorT2 mex
    11. Wind
  4. 4

    5:00 to 10:00

    Economy
    • Wind Turbine43Wind
    • Energy Converter6Converter
    Builders
    • Butler9 Butler
    • Advanced Construction Bot4 T2 con bot for allies
    • Advanced Construction Bot1 T2 con bot

    Some games also: con turret (43%) · Butler for allies (37%)

    By 10:00 in all: 4 mex · 58 wind · 8 converter · 1 energy storage · 3 con turret

    The example game in this phase · 226 steps
    1. Advanced Metal ExtractorT2 mex
    2. Advanced Construction BotT2 con botfor Pond
    3. Advanced Metal ExtractorT2 mex
    4. Wind
    5. Solar
    6. ButlerButler ×2
    7. Advanced Construction BotT2 con bot
    8. ButlerButler ×3
    9. Advanced Construction BotT2 con botfor Geo sea
    10. Wind ×3
    11. ButlerButler
    12. Wind
    13. ButlerButler
    14. Wind ×3
    15. ButlerButler
    16. Wind ×3
    17. ButlerButler
    18. Wind ×3
    19. Advanced Construction BotT2 con botfor Beach sea
    20. Wind ×5
    21. Converter
    22. Wind ×2
    23. ButlerButler
    24. Wind ×2
    25. Converter
    26. Wind ×2
    27. ButlerButler
    28. Wind ×2
    29. Converter
    30. Wind
    31. ButlerButler
    32. Wind ×4
    33. Converter
    34. Wind
    35. ButlerButler
    36. Wind ×3
    37. Converter
    38. ButlerButler
    39. Wind ×4
    40. Converter
    41. Wind ×2
    42. ButlerButler
    43. Wind ×4
    44. Converter
    45. SharpshooterSniper botdone 9:41
    46. Wind ×2
    47. Converter
    48. Wind ×6
    49. Converter ×2
    50. Wind ×4
    51. Converter ×2
    52. Wind ×3
    53. ButlerButler
    54. Wind
    55. Converter
    56. Wind ×3
    57. Converter
    58. ButlerButler
    59. Wind ×4
    60. Converter
    61. ButlerButler
    62. Converter
    63. Wind ×4
    64. ButlerButler
    65. Wind
    66. Converter
    67. Wind ×3
    68. Converter
    69. ButlerButler
    70. Wind ×4
    71. Converter
    72. Advanced Construction BotT2 con bot
    73. Wind ×2
    74. Converter
    75. Wind ×3
    76. Con turret
    77. Wind ×3
    78. Converter
    79. Wind ×3
    80. Converter
    81. Wind ×6
    82. Converter
    83. Con turret
    84. Converter
    85. Wind ×7
    86. Converter
    87. Wind ×2
    88. Converter
    89. Wind ×2
    90. Con turret
    91. Wind ×5
    92. Converter
    93. Wind ×2
    94. Con turret
    95. Converter
    96. Wind
    97. Fusion ReactorFusiondone 11:51
    98. Wind ×6
    99. Converter ×2
    100. Wind ×4
    101. Metal storage
    102. Converter
    103. Wind
    104. Converter
    105. Wind
    106. Converter
    107. Wind ×2
    108. Converter
    109. Advanced Bot LabEat Advanced Bot Labreclaimed for its metal
    110. Wind
    111. Converter
    112. Wind ×2
    113. Converter
    114. Wind ×2
    115. Converter
    116. Wind
    117. Con turret
    118. Converter
    119. Wind ×2
    120. Con turret
    121. Wind
    122. Con turret
    123. Wind
    124. T2 converter
    125. Wind
    126. Converter
    127. Con turret
    128. Wind ×3
    129. Converter
    130. Wind ×7
    131. Con turret
    132. Converter
    133. Wind ×6
    134. Converter
    135. Wind ×7
    136. Converter
    137. Wind ×3
    138. Converter
    139. Wind
    140. T2 converter
    141. Wind ×6
    142. Converter
    143. Wind ×3
    144. Converter
    145. Wind ×7
    146. Converter
    147. TracerTracer
    148. Wind ×3
    149. Hovercraft PlatformHovercraft Platformdone 12:51
    150. Wind ×2
    151. Converter
    152. Wind ×5
    153. CitadelAnti-nukedone 13:34
    154. Wind
    155. Converter
    156. Wind ×3
    157. PossumPossum
    158. Wind ×3
    159. Converter
    160. Wind ×5
    161. PossumPossum
    162. Wind ×2
    163. Converter
    164. Wind
    165. Converter
    166. Wind ×3
    167. PossumPossum
    168. Wind ×3
    169. Converter
    170. Wind ×3
    171. Converter
    172. PossumPossum
    173. Wind ×5
    174. Converter ×2
    175. Wind ×6
    176. T2 converter
    177. PossumPossum
    178. Wind ×3
    179. Converter
    180. Wind ×5
    181. Converter
    182. Wind ×6
    183. Converter
    184. Wind ×6
    185. Converter
    186. Wind
    187. Fusion ReactorFusion
    188. Wind ×6
    189. Converter
    190. Wind
    191. Hovercraft PlatformEat Hovercraft Platformreclaimed for its metal
    192. Wind ×3
    193. Converter
    194. Wind
    195. Con turret
    196. Wind ×2
    197. Con turret
    198. Wind ×5
    199. Con turret
    200. Converter
    201. Wind ×3
    202. Converter
    203. Wind ×8
    204. Converter
    205. Wind ×2
    206. Converter
    207. Wind ×6
    208. Converter
    209. Wind ×3
    210. Converter
    211. Wind ×6
    212. T2 converter ×2
    213. Wind ×2
    214. Converter
    215. Wind
    216. T2 converter
    217. Wind ×3
    218. Converter
    219. Wind ×7
    220. Converter
    221. Wind ×2
    222. Fusion ReactorFusion
    223. Wind ×3
    224. Converter
    225. Wind ×7
    226. Converter

Counts are medians over the build's games: half of them build more, half fewer. The example game is Jockeljkl's (32 OS, 13/09/2026); pick another.

Team trades

IN AT LEAST 30% OF ITS GAMES

You hand over

  • Construction Bot1 Con bot to Airfirst at 2:24 · in 84% of games
  • Advanced Construction Bot5 T2 con bot to Air or Geo sea or Pondfirst at 4:50 · in 99% of games
  • Butler2 Butler to Geo sea or Beach sea or Pondfirst at 9:07 · in 42% of games

You get

  • Hercules1 Light transport from Airfirst at 4:01 · in 86% of games

How it plays out

Typical game of this build, running totals by minute

Metal produced

020k40k
0:005:0010:0015:00

metal

Enemy metal destroyed

050100
0:005:0010:0015:00

metal

Own metal lost

050100150
0:005:0010:0015:00

metal

1868 games.

Show as table
ByMetal produced: This buildEnemy metal destroyed: This buildOwn metal lost: This build
1:0038300
2:0091500
3:00165100
4:00314300
5:00484800
6:00580000
7:00722700
8:00906100
9:001116900
10:001350200
11:001623900
12:001965200
13:002344100
14:0027357074
15:003153885130
WHAT THE NUMBERS SAY

Standard Tech play barely fights at all early, instead pouring metal into T2 infrastructure and constructors for the team.

  • + Metal produced hits 31679 by 15:00, by far the highest of any role here.
  • + T2 factory reached in 97% of games by 4:15, fastest and most reliable T2 timing.
  • − Enemy metal destroyed stays at 0 through 10:00, no early offense at all.
  • − Own metal lost also near 0, showing total avoidance of combat risk.
THE EXAMPLE YOU ARE READING

Jockeljkl

32.0 OS · 13/09/2026

Open source match ↗

1 received units
1530 metal received · 64831 energy received

Allied construction assistance is unknown. Timings are observations, not a promise of solo reproducibility.

Typical milestones

Bot Lab1:18Middle 50%: 1:13–1:32 · n=1868
Advanced Bot Lab4:16Middle 50%: 4:04–4:30 · n=1861
Advanced Metal Extractor5:29Middle 50%: 5:06–5:59 · n=1864

Played most by

Amrissa93games of this buildTheGeneraI66games of this buildAdeus57games of this buildEl_Turco56games of this buildKOT_43games of this build